cohdb
Replays
Latest Replays
All Replays
Popular Replays
Top Player Replays
Match Explorer
How It Works
Community
CoH3 Stats
Reddit
Sign in to upload your games and track your stats! →
Sign in with Steam
Match 42217669
Unlisted
Match 42217669
Overview
Messages
Build Orders
End
Construct Infanterie Kompanie
MG 42 Machine Gun Team
Grenadier Squad
MG 42 Machine Gun Team
Selects Terror Battlegroup
Selects Machine Gun Camouflage
MG 42 Machine Gun Team
Kettenkrad Recon Vehicle
Selects Contempt for the Weak
GrW 34 Mortar Team
Construct Luftwaffe Kompanie
AI Takeover
憨八龟
PnutSCrosant
Sleepingpigs
用冈本算不算穿和服
wila
LittleFatty233
打精锐的李云龙!
滑落的照片让我变沉默
0
0
Comments
sign in to comment!
No comments posted yet!